 Dungeon Crawl Stone Soup version 0.19-a0-1850-g63fd1ff (webtiles) character file.

52 Naow the Chopper (level 3, -1/33 HPs)
             Began as a Minotaur Berserker on Oct 10, 2016.
             Was a Believer of Trog.
             Slain by a gnoll
             ... wielding a +0 halberd
              (15 damage)
             ... on level 2 of the Dungeon.
             The game lasted 00:01:29 (672 turns).

Naow the Chopper (Minotaur Berserker)                Turns: 672, Time: 00:01:30

Health: -1/33      AC:  2    Str: 21    XL:     3   Next: 60%
Magic:  2/2        EV: 12    Int:  5    God:    Trog [**....]
Gold:   52         SH:  0    Dex:  9    Spells: 0 memorised, 2 levels left

rFire  . . .     SeeInvis .     a - +0 hand axe
rCold  . . .     Gourm    .     b - +0 animal skin
rNeg   . . .     Faith    +     (no shield)
rPois  .         Spirit   .     (helmet restricted)
rElec  .         Dismiss  .     (no cloak)
rCorr  .         Reflect  .     (no gloves)
MR     .....     Harm     .     (no boots)
Stlth  +.........               h - amulet of faith
                                (no ring)
                                (no ring)

@: exhausted, slowed, very slow
A: retaliatory headbutt, horns 2
a: Berserk, Trog's Hand, Burn Spellbooks, Renounce Religion


You were on level 2 of the Dungeon.
You worshipped Trog.
Trog was pleased with you.
You were not hungry.

You visited 1 branch of the dungeon, and saw 2 of its levels.

You collected 52 gold pieces.

Inventory:

Hand Weapons
 a - a +0 hand axe (weapon)
Armour
 b - a +0 animal skin (worn)
Jewellery
 h - an amulet of faith (around neck)
Scrolls
 e - a scroll of identify {unknown}
 j - a scroll of immolation {unknown}
 k - a scroll of teleportation {unknown}
 l - a scroll of magic mapping {unknown}
 m - a scroll of amnesia {unknown}
Potions
 d - a potion of mutation {unknown}
 g - a potion of brilliance {unknown}
 i - a potion of degeneration {unknown}
Comestibles
 c - 2 bread rations
 f - 5 chunks of flesh


   Skills:
 + Level 4.3 Fighting
 + Level 4.5 Axes
 + Level 2.7 Armour
 + Level 2.5 Dodging
 + Level 0.3 Stealth


You had 2 spell levels left.
You didn't know any spells.

Dungeon Overview and Level Annotations

Branches:
Dungeon (2/15)

Altars:


Innate Abilities, Weirdness & Mutations

You reflexively headbutt those who attack you in melee.
You have a pair of horns on your head.


Message History

You feel a strong urge to attack something.
You continue eating.
You finish eating.
This raw flesh tastes terrible.
You start resting.
You feel your anger subside.
You are no longer berserk.
You are exhausted.
You feel yourself slow down.
You start resting.
A gnoll appears from thin air!
It is wielding a halberd.
A gnoll is nearby!
A gnoll is nearby!
You start resting.
A gnoll is nearby!
The gnoll shouts!
The gnoll hits you but does no damage.
You slash the gnoll!
You headbutt the gnoll, but do no damage.
The gnoll is heavily wounded.
The gnoll hits you with a halberd!
You die...

#.....# #.#...#
#.#...###
#.##....#
..##..#.#
#####.#.########
#>....$....#
##.........####
#.....@)......
#######g......
....^.. .......
....... ....<(.
....... .......


You could see a gnoll.

Vanquished Creatures
  An adder (D:2)
  A dart slug (D:2)
  A worm (D:2)
  6 bats
  3 giant cockroaches
  2 hobgoblins
  4 jackals (D:2)
  A quokka (D:2)
  A ball python (D:2)
  5 goblins
  7 kobolds
  6 rats
38 creatures vanquished.

Notes
Turn   | Place    | Note
-------+----------+-------------------------------------------
     0 | D:1      | Naow the Minotaur Berserker began the quest for the Orb.
     0 | D:1      | Reached XP level 1. HP: 19/19 MP: 0/0
   133 | D:1      | Reached XP level 2. HP: 17/27 MP: 1/1
   525 | D:2      | Reached ** piety under Trog
   573 | D:2      | Reached XP level 3. HP: 33/33 MP: 2/2
   672 | D:2      | Slain by a gnoll

Vault maps used:
D:1:      dpeg_arrival_houses_and_road, grunt_decor_cap,
          minmay_misc_feat_ornament, minivault_23, minmay_pentomino_u4
D:2:      serial_forest, infiniplex_forest_lined_2,
          infiniplex_forest_lined_room_2, infiniplex_forest_zigzag_1,
          infiniplex_forest_clump_long, infiniplex_forest_lined_3,
          infiniplex_forest_lined_corner, infiniplex_forest_end_2,
          infiniplex_forest_zigzag_2

Skill      XL: |  1  2 |
---------------+-------+-----
Fighting       | 4 |  4.3
Axes           | 4 |  4.5
Armour         | |  2.7
Dodging        | |  2.5
Stealth        | |  0.3

Action                   || total
-------------------------++-------
Melee: Hand axe          ||    62
       Headbutt          ||     9
Invok: Berserk           ||     2
  Eat: Chunk             ||     1
Armor: Animal skin       ||    15
Dodge: Dodged            ||    47
